 Dungeon Crawl Stone Soup version 0.27-a0-1565-gad902ab807 (webtiles) character file.

Game seed: 10145783276929855502

13 tygod the Skirmisher (level 2, -1/19 HPs)
             Began as a Gargoyle Monk on July 16, 2021.
             Slain by a quokka (4 damage)
             ... on level 1 of the Dungeon.
             The game lasted 00:01:42 (430 turns).

tygod the Skirmisher (Gargoyle Monk)                 Turns: 430, Time: 00:01:43

Health: -1/19      AC:  4    Str: 14    XL:     2   Next: 37%
Magic:  2/2        EV: 12    Int: 10    God:
Gold:   40         SH:  0    Dex: 12    Spells: 1/1 levels left

rFire    . . .     SeeInvis .   a - +0 mace
rCold    . . .     Faith    .   (no shield)
rNeg     + . .     Spirit   .   b - +0 robe
rPois    ∞         Reflect  .   (no helmet)
rElec    +         Harm     .   (no cloak)
rCorr    +         Rampage  .   (no gloves)
Will     .....                  (no boots)
Stlth    ++........             (no amulet)
HPRegen  0.06/turn              e - ring of resist corrosion
MPRegen  0.08/turn              (no ring)

@: no status effects
A: sickness immunity, AC +2, negative energy resistance 1, electricity
resistance, torment resistance 1, petrification resistance
a: no special abilities


You were on level 1 of the Dungeon.
You visited 1 branch of the dungeon, and saw 1 of its levels.

You collected 40 gold pieces.

Inventory:

Hand Weapons
 a - a +0 mace (weapon)
Armour
 b - a +0 robe (worn)
Jewellery
 e - a ring of resist corrosion (left hand)
Scrolls
 c - 2 scrolls of identify {unknown}
Potions
 d - a potion of curing {unknown}


   Skills:
 + Level 3.6 Fighting
 + Level 3.1 Maces & Flails
 + Level 2.5 Dodging
 + Level 2.3 Stealth
 * Level 0.5 Invocations


You had one spell level left.
You didn't know any spells.
Your spell library contained the following spells:

 Spells                   Type           Power      Damage    Failure   Level
 Ozocubu's Armour         Ice            0%         N/A       75%         3
 Metabolic Englaciation   Hex/Ice        0%         N/A       100%        5
 Simulacrum               Ice/Necr       0%         N/A       100%        6


Dungeon Overview and Level Annotations

Branches:
Dungeon (1/15)

Altars:


Innate Abilities, Weirdness & Mutations

You are immune to sickness and miasma.
Your stone body is resilient. (AC +2)
You are immune to poison.
You resist negative energy. (rN+)
You are resistant to electric shocks. (rElec)
You are resistant to unholy torment.
You are immune to petrification.


Message History

You are too injured to fight recklessly!
You are too injured to fight recklessly!
You are too injured to fight recklessly!
You are too injured to fight recklessly!
You miss the bat. The bat closely misses you.
The bat hits you but does no damage. The quokka closely misses you.
The quokka misses you.
You barely miss the bat. The bat closely misses you.
The bat hits you but does no damage. x2
The quokka bites you but does no damage.
The bat barely misses you.
You barely miss the bat. The bat hits you. The quokka barely misses you.
The quokka bites you. The bat barely misses you.
You closely miss the bat. The bat hits you but does no damage.
The bat hits you. The bat closely misses you. The quokka misses you.
The bat hits you but does no damage. The bat barely misses you.
The bat closely misses you. The quokka barely misses you. The quokka bites you.
* * * LOW HITPOINT WARNING * * *
You closely miss the bat. The bat barely misses you. x2
The quokka closely misses you.
You hit the quokka.
The quokka is lightly wounded.
The quokka closely misses you. The bat barely misses you.
The bat hits you but does no damage. The quokka barely misses you.
You hit the quokka.
The quokka is lightly wounded.
The bat barely misses you. The bat closely misses you.
The quokka closely misses you. The bat barely misses you. The bat hits you.
* * * LOW HITPOINT WARNING * * *
You hit the quokka but do no damage.
The quokka is lightly wounded.
The bat completely misses you. The bat closely misses you.
The bat barely misses you. The quokka bites you.
* * * LOW HITPOINT WARNING * * *
The quokka barely misses you.
You hit the quokka.
The quokka is almost dead.
The bat barely misses you. The bat hits you but does no damage.
The bat closely misses you. The quokka bites you.
You die...

#.≈≈≈ #.......
#.≈≈≈ #...... #..≈≈
....?. ##... #....#
###. #....# ##
....# # #br# ### #
##@b##########.####
#................##
#.............)..##
#.#.#######.......†
#.#.# #..)...##
#.#.# #......#.
#.#.. #.#####..
#.### #.# ... #.#
##..


You could see a quokka and 2 bats.

Vanquished Creatures
  A ball python (D:1)
  3 endoplasms (D:1)
  4 kobolds (D:1)
  A bat (D:1)
  A goblin (D:1)
  2 rats (D:1)
12 creatures vanquished.

Notes
Turn   | Place    | Note
-------+----------+-------------------------------------------
     0 | D:1      | tygod the Gargoyle Monk began the quest for the Orb.
     0 | D:1      | Reached XP level 1. HP: 14/14 MP: 1/1
   389 | D:1      | Reached XP level 2. HP: 19/19 MP: 2/2
   430 | D:1      | Slain by a quokka

Illustrated notes

Levels and vault maps discovered:
D:1:      dpeg_arrival_pits, layout_loops_ring

Action                   || total
-------------------------++-------
Melee: Mace              ||    38
 Stab: Sleeping          ||     5
Armor: Robe              ||    14
Dodge: Dodged            ||    49

Table legend: (Time is in decaauts)
 A = Elapsed time spent in this place.
 B = Non-inter-level travel time spent in this place.
 C = Inter-level travel time spent in this place.
 D = Time resting spent in this place.
 E = Time spent auto-exploring this place.
 F = Levels seen in this place.
 G = Mean time per level.
                   A        B        C        D        E       F      G
               +--------+--------+--------+--------+--------+-----+--------+
         Total |    438 |    438 |      0 |      0 |    325 |   1 |  438.0 |
       Dungeon |    438 |    438 |      0 |      0 |    325 |   1 |  438.0 |
               +--------+--------+--------+--------+--------+-----+--------+

Top non-repeatable levels by time:
     D:1: 438 daAuts
